 Dungeon Crawl Stone Soup version 0.20.1-1-g8b1a95d (webtiles) character file.

2535 dohliylev the Nimble (level 9, -1/61 HPs)
             Began as a Vampire Assassin on Dec 4, 2017.
             Was a Believer of Nemelex Xobeh.
             Slain by a two-headed ogre
             ... wielding a +0 giant spiked club
              (31 damage)
             ... on level 7 of the Dungeon.
             The game lasted 00:24:44 (6438 turns).

dohliylev the Nimble (Vampire Assassin)             Turns: 6438, Time: 00:24:45

Health: -1/61      AC:  6    Str: 10    XL:     9   Next: 30%
Magic:  12/12      EV: 24    Int: 14    God:    Nemelex Xobeh [**....]
Gold:   424        SH:  5    Dex: 18    Spells: 9/12 levels left

rFire    . . .     SeeInvis +   b - +0 blowgun
rCold    . . .     Gourm    .   y - +0 buckler
rNeg     . . .     Faith    .   c - +0 robe
rPois    .         Spirit   .   (no helmet)
rElec    .         Reflect  .   d - +0 cloak
rCorr    .         Harm     .   (no gloves)
MR       .....                  (no boots)
Stlth    ++++......             K - amulet of rage
Regen    0.4/turn               n - +4 ring of evasion
MPRegen  0.2/turn               k - +3 ring of protection

@: regenerating quickly
A: fangs 3, see invisible, unbreathing
a: Renounce Religion, Evoke Berserk Rage


You were on level 7 of the Dungeon.
You worshipped Nemelex Xobeh.
Nemelex Xobeh was pleased with you.
You were very full.

You visited 2 branches of the dungeon, and saw 9 of its levels.

You collected 424 gold pieces.

Inventory:

Hand Weapons
 b - a +0 blowgun (weapon)
 h - a +1 short sword of draining
 U - a +0 dagger of protection
Missiles
 e - 47 poisoned needles (quivered)
 f - 2 curare-tipped needles
Armour
 c - a +0 robe (worn)
 d - a +0 cloak (worn)
 y - a +0 buckler (worn)
Jewellery
 j - an uncursed ring of positive energy
 k - a +3 ring of protection (right hand)
 n - a +4 ring of evasion (left hand)
 r - a +3 amulet of reflection
 K - an amulet of rage (around neck)
 Q - a +5 ring of intelligence {unknown}
Wands
 o - a wand of acid (7/15)
 F - a wand of iceblast (8/15)
 L - a wand of flame (21/48)
 M - a wand of iceblast (4/15)
 N - a wand of iceblast (6/15)
 P - a wand of random effects (23/48)
Scrolls
 i - 7 scrolls of identify {unknown}
 m - 2 scrolls of amnesia {unknown}
 q - a scroll of magic mapping {unknown}
 u - 2 scrolls of enchant armour {unknown}
 v - 5 scrolls of remove curse {unknown}
 w - 3 scrolls of teleportation {unknown}
 x - 3 scrolls of recharging {unknown}
 G - a scroll of fog {unknown}
 I - a scroll of fear {unknown}
 R - a scroll of enchant weapon {unknown}
Potions
 g - 2 potions of blood
 l - 4 potions of haste {unknown}
 p - 4 potions of lignification {unknown}
 s - 5 potions of degeneration {unknown}
 t - 4 potions of curing {unknown}
 z - 3 potions of heal wounds {unknown}
 A - 3 potions of flight {unknown}
 B - 3 potions of might {unknown}
 C - a potion of brilliance {unknown}
 D - a potion of cancellation {unknown}
 E - 4 potions of mutation {unknown}
Books
 H - a book of Minor Magic

   Spells                             Type                      Level
   a - Magic Dart                     Conjuration                  1
   b - Blink                          Translocation                2
   c - Call Imp                       Summoning                    2
   d - Slow                           Hexes                        2
   e - Conjure Flame                  Conjuration/Fire             3
   f - Mephitic Cloud                 Conjuration/Poison/Air       3
 J - a book of Frost

   Spells                             Type                      Level
   a - Freeze                         Ice                          1
   b - Throw Frost                    Conjuration/Ice              2
   c - Ozocubu's Armour               Charms/Ice                   3
   d - Throw Icicle                   Conjuration/Ice              4
   e - Summon Ice Beast               Ice/Summoning                4
 O - a book of Misfortune

   Spells                             Type                      Level
   a - Confusing Touch                Hexes                        1
   b - Confuse                        Hexes                        3
   c - Gell's Gravitas                Translocation                3
   d - Petrify                        Transmutation/Earth          4
   e - Metabolic Englaciation         Hexes/Ice                    5
   f - Yara's Violent Unravelling     Hexes/Transmutation          5
 T - a book of Misfortune

   Spells                             Type                      Level
   a - Confusing Touch                Hexes                        1
   b - Confuse                        Hexes                        3
   c - Gell's Gravitas                Translocation                3
   d - Petrify                        Transmutation/Earth          4
   e - Metabolic Englaciation         Hexes/Ice                    5
   f - Yara's Violent Unravelling     Hexes/Transmutation          5
Miscellaneous
 a - a plain deck of destruction
 S - a plain deck of summoning


   Skills:
 - Level 2.0 Fighting
 + Level 6.1 Short Blades
 - Level 3.1 Throwing
 - Level 10.1 Dodging
 + Level 8.0 Stealth
 + Level 2.6 Shields
 - Level 2.0 Spellcasting
 + Level 1.2 Translocations


You had 9 spell levels left.
You knew the following spells:

 Your Spells              Type           Power        Failure   Level  Hunger
a - Blink                 Tloc           N/A          26%         2    ###....
b - Confusing Touch       Hex            #.....       28%         1    ##.....


Dungeon Overview and Level Annotations

Branches:
Dungeon (8/15)             Temple (1/1) D:7
   Lair: D:8-11

Altars:
Ashenzari
Cheibriados
Dithmenos
Elyvilon
Fedhas
Gozag
Hepliaklqana
Kikubaaqudgha
Makhleb
Nemelex Xobeh
Okawaru
Qazlal
Ru
Trog
Uskayaw
Vehumet
Xom
Yredelemnul
The Shining One

Shops:
D:7 [


Innate Abilities, Weirdness & Mutations

Your natural rate of healing is unusually fast.
You have razor-sharp teeth.
You have supernaturally acute eyesight. (SInv)
You can survive without breathing.


Message History

Aim: a two-headed ogre, wielding a giant spiked club and a giant club (moderately wounded, poisoned)
You shoot a poisoned needle.
The poisoned needle hits the two-headed ogre!
The two-headed ogre looks as sick as possible!
The two-headed ogre is moderately wounded.
The two-headed ogre hits you with a giant spiked club!
The two-headed ogre hits you with a giant club!
There is an open door here.
Firing (i - inventory. (,) - cycle):
e - 48 poisoned needles (quivered)
Press: ? - help, Shift-Dir - straight line, f/p - two-headed ogre
Aim: a two-headed ogre, wielding a giant spiked club and a giant club (heavily wounded, poisoned)
You shoot a poisoned needle.
The poisoned needle barely misses the two-headed ogre.
The two-headed ogre completely misses you.
The two-headed ogre barely misses you.
There is an open door here.
The two-headed ogre hits you with a giant spiked club!!
Ouch! That really hurt!
You die...
Your body disappears without a glow.

#......#.#..#.(#####
#......#.#..#..(..O.
#......#.#..##..###.
#..........(###.###.
#.....##.##.# #..##.
#.....##.##.####.##(
#.....##........(...
#.....#####.#####.##
###@.(#####'#####..#
#O..#.........##.#
#...#.........##..
#...#.........###.
#...'.........# #.
#.(.#.........# ##
#...#.........# #
#...#.........# #
#...#.........#


You could see a two-headed ogre.

Vanquished Creatures
  3 ice beasts
  2 sky beasts
  An orc warrior (D:6)
  A phantom (D:8)
  A centaur (D:7)
  2 ogres
  A big kobold (D:8)
  A bullfrog (D:7)
  6 scorpions
  A howler monkey (D:6)
  3 crimson imps
  A centaur zombie (D:6)
  2 hounds (D:5)
  A centaur skeleton (D:4)
  4 orc priests
  A jelly (D:5)
  5 orc wizards
  Crazy Yiuf (D:5)
  3 bullfrog skeletons
  Jessica (D:3)
  Natasha (D:3)
  3 iguanas
  4 worker ants
  4 gnolls (D:5)
  19 adders
  2 shadow imps
  An adder zombie (D:7)
  3 worms
  A dart slug (D:2)
  5 leopard geckos
  14 orcs
  A ball python (D:4)
  7 giant cockroaches
  5 hobgoblins
  3 jackals (D:5)
  A quokka (D:6)
  18 bats
  2 frilled lizards
  8 goblins
  12 kobolds
  A leopard gecko skeleton (D:4)
  A quokka skeleton (D:4)
  A quokka zombie (D:5)
  4 rats
  A fungus (D:5)
163 creatures vanquished.

Vanquished Creatures (others)
  A bat (D:1)
  3 fungi (D:5)
4 creatures vanquished.

Grand Total: 167 creatures vanquished

Notes
Turn   | Place    | Note
-------+----------+-------------------------------------------
     0 | D:1      | dohliylev the Vampire Assassin began the quest for the Orb.
     0 | D:1      | Reached XP level 1. HP: 16/16 MP: 1/1
   485 | D:1      | Reached XP level 2. HP: 22/22 MP: 2/2
  1049 | D:2      | Reached XP level 3. HP: 13/27 MP: 3/3
  1543 | D:3      | Reached XP level 4. HP: 33/33 MP: 4/4
  1600 | D:3      | Found an ancient bone altar of Kikubaaqudgha.
  1845 | D:3      | Reached skill level 2 in Dodging
  2065 | D:3      | Noticed Jessica
  2069 | D:3      | Killed Jessica
  2069 | D:3      | Reached XP level 5. HP: 38/38 MP: 5/5
  2070 | D:3      | Noticed Natasha
  2080 | D:3      | Killed Natasha
  2093 | D:3      | Reached skill level 3 in Dodging
  2486 | D:4      | Reached skill level 4 in Dodging
  2516 | D:4      | Found a blossoming altar of Fedhas.
  2534 | D:4      | Reached XP level 6. HP: 44/44 MP: 6/6
  2634 | D:4      | Reached skill level 5 in Dodging
  2754 | D:4      | Found a snail-covered altar of Cheibriados.
  2754 | D:4      | Found a bloodstained altar of Trog.
  2914 | D:5      | Entered Level 5 of the Dungeon
  2918 | D:5      | Learned a level 2 spell: Blink
  2935 | D:5      | Noticed a sky beast
  2939 | D:5      | Killed a sky beast
  2939 | D:5      | Reached skill level 6 in Dodging
  2939 | D:5      | Reached skill level 1 in Spellcasting
  2939 | D:5      | Reached XP level 7. HP: 40/50 MP: 6/8
  3033 | D:5      | Found a basalt altar of Yredelemnul.
  3145 | D:5      | Found a runed door.
  3149 | D:5      | Noticed Crazy Yiuf
  3157 | D:5      | Killed Crazy Yiuf
  3257 | D:5      | Reached skill level 7 in Dodging
  3363 | D:5      | Reached skill level 8 in Dodging
  3366 | D:5      | Reached XP level 8. HP: 47/56 MP: 10/10
  3540 | D:5      | Got an iridescent whip
  3767 | D:5      | Found a sparkling altar of Nemelex Xobeh.
  3771 | D:5      | Became a worshipper of Nemelex Xobeh the Trickster
  3774 | D:5      | Identified the +9 whip "Peduogh" {freeze, Int+3 Dex+3} (You found it on level 5 of the Dungeon)
  3782 | D:5      | Received a gift from Nemelex Xobeh
  4004 | D:6      | Found a hazy altar of Hepliaklqana.
  4022 | D:6      | Found a sparkling altar of Nemelex Xobeh.
  4092 | D:6      | Reached skill level 9 in Dodging
  4263 | D:6      | Noticed a hand axe
  4264 | D:6      | Noticed a hand axe
  4267 | D:6      | Found a hide-covered altar of Uskayaw.
  4299 | D:6      | Found a sacrificial altar of Ru.
  4431 | D:6      | Reached * piety under Nemelex Xobeh
  4903 | D:7      | Reached skill level 10 in Dodging
  4903 | D:7      | Reached skill level 1 in Shields
  5085 | D:7      | Found a staircase to the Ecumenical Temple.
  5106 | Temple   | Entered the Ecumenical Temple
  5427 | D:7      | Found Gacromaesk's Antique Armour Shop.
  5435 | D:7      | Reached skill level 1 in Translocations
  5568 | D:7      | Received a gift from Nemelex Xobeh
  5635 | D:7      | Reached ** piety under Nemelex Xobeh
  5777 | D:8      | Reached XP level 9. HP: 54/61 MP: 11/11
  5819 | D:8      | Reached skill level 5 in Short Blades
  5936 | D:8      | Found a glowing golden altar of the Shining One.
  6151 | D:8      | Noticed a two-headed ogre
  6299 | D:7      | Learned a level 1 spell: Confusing Touch
  6438 | D:7      | Slain by a two-headed ogre

Skill      XL: |  1  2  3  4  5  6  7  8  9 |
---------------+----------------------------+-----
Stealth        | 6 7 8 |  8.0
Fighting       | 2 |  2.0
Throwing       | 2 3 |  3.1
Dodging        | 2 4 6 8 10 | 10.1
Spellcasting   | 1 2 |  2.0
Shields        | 2 |  2.6
Short Blades   | 4 6 |  6.1
Translocations | 1 |  1.2

Action                   |  1- 3 |  4- 6 |  7- 9 || total
-------------------------+-------+-------+-------++-------
Melee: Short sword       |    46 |   149 |   379 ||   574
       Dagger            |    31 |       |       ||    31
       Bite              |     9 |    12 |    40 ||    61
 Fire: Blowgun           |    10 |       |    33 ||    43
 Cast: Blink             |       |       |     8 ||     8
       Confusing Touch   |       |       |     1 ||     1
 Stab: Sleeping          |     5 |    12 |    23 ||    40
       Held in net/web   |       |       |     1 ||     1
       Distracted        |       |       |     1 ||     1
       Paralysed         |       |       |     1 ||     1
  Eat: Corpse            |     8 |     9 |    17 ||    34
Armor: Robe              |    21 |    18 |    29 ||    68
Dodge: Dodged            |    61 |    93 |   269 ||   423
Block: Other             |     1 |    21 |    14 ||    36
       Reflection        |       |     1 |     2 ||     3
       Buckler           |       |       |    49 ||    49
